 Dungeon Crawl Stone Soup version 0.31-a0-7-g51783674b7 (webtiles) character file.

Game seed: 582705517651715337

1078 cheesebisquit the Ruffian (level 8, -4/78 HPs)
             Began as a Troll Fighter on May 5, 2023.
             Succumbed to a hornet's poison
             ... on level 6 of the Dungeon.
             The game lasted 00:09:35 (4545 turns).

cheesebisquit the Ruffian (Troll Fighter)           Turns: 4545, Time: 00:09:35

Health: -4/78      AC:  5    Str: 24 (27) XL:     8   Next: 8%
Magic:  7/7        EV:  9    Int:  1 (4)  God:
Gold:   344        SH:  7    Dex:  6 (9)  Spells: 7/7 levels left

rFire   . .          .
                       - Unarmed
rCold   . . .        b - +0 kite shield
rNeg    . . .        a - +0 robe
rPois   .            (helmet restricted)
rElec   .            e - +0 cloak
rCorr   .            (gloves unavailable)
SInv    +            (boots unavailable)
Will    .....        (no amulet)
Stlth   +            u - ring of see invisible
HPRegen 1.13/turn    (no ring)
MPRegen 0.10/turn

%: no passive effects
@: mighty, lethally poisoned (-4 -> -16), attractive, slowed, very slow
A: large, unfitting armour, claws 3, regeneration 1, shaggy fur 1, tough skin 1
a: no special abilities


You were on level 6 of the Dungeon.
You visited 1 branch of the dungeon, and saw 6 of its levels.

You collected 344 gold pieces.

Inventory:

Hand Weapons
 x - a +2 vampiric hand axe
 y - a +2 whip of venom
 F - a +0 giant club
Missiles
 E - 3 boomerangs of dispersal
Armour
 a - a +0 robe (worn)
 b - a +0 kite shield (worn)
 e - a +0 cloak (worn)
Jewellery
 u - a ring of see invisible (left claw)
 A - an amulet of faith
Wands
 q - a wand of flame (9) (quivered)
Scrolls
 f - 2 scrolls of enchant weapon {unknown}
 i - a scroll of noise {unknown}
 j - a scroll of magic mapping {unknown}
 k - 3 scrolls of teleportation {unknown}
 l - 2 scrolls of fog {unknown}
 n - 2 scrolls of brand weapon {unknown}
 o - 6 scrolls of identify {unknown}
 v - a scroll of silence {unknown}
 w - 3 scrolls of vulnerability {unknown}
 z - a scroll of fear {unknown}
 B - a scroll of amnesia {unknown}
 C - a scroll of enchant armour {unknown}
 D - a scroll of torment {unknown}
Potions
 c - 2 potions of might
 d - 3 potions of degeneration
 g - 3 potions of curing {unknown}
 h - 4 potions of attraction
 m - a potion of lignification {unknown}
 p - 2 potions of resistance {unknown}
 r - 4 potions of heal wounds {unknown}
 s - a potion of brilliance {unknown}
 t - a potion of mutation {unknown}


   Skills:
 + Level 4.3 Fighting
 + Level 4.2 Dodging
 + Level 4.7 Shields
 * Level 6.3 Unarmed Combat


You had 7 spell levels left.
You didn't know any spells.
Your spell library contained the following spells:

 Spells                   Type           Power      Damage    Failure   Level
 Freeze                   Ice            0%         1d3       82%         1
 Sublimation of Blood     Necr           0%         N/A       91%         2
 Wereblood                Tmut           0%         N/A       91%         2
 Frozen Ramparts          Ice            0%         1d1       99%         3
 Hailstorm                Conj/Ice       0%         3d3       99%         3
 Summon Hydra             Summ           0%         N/A       100%        7


Dungeon Overview and Level Annotations

Branches:
Dungeon (6/15)             Temple (0/1) D:6

Altars:
Ashenzari


Innate Abilities, Weirdness & Mutations

You are too large for most types of armour.
You have claws for hands.
Your natural rate of healing is unusually fast.
You are covered in fur. (AC +1)
You have tough skin. (AC +1)


Message History

Okay, then.
The puff of flame hits the hornet.
The hornet is lightly wounded.
The puff of flame hits the hornet.
The hornet is lightly wounded.
The puff of flame misses the hornet.
You claw the hornet!
The hornet is moderately wounded.
The hornet stings you!
You feel yourself slow down.
You barely miss the hornet.
The hornet is moderately wounded.
You feel yourself speed up. The hornet stings you.
You are poisoned.
You feel yourself slow down. The hornet stings you!
You feel as though you will be slow longer.
You feel very mighty all of a sudden.
You feel very sick. The hornet stings you!
You are more poisoned.
You suddenly lose the ability to move!
The hornet stings you but does no damage.
You feel very sick. The hornet stings you!
* * * LOW HITPOINT WARNING * * *
You are lethally poisoned!
You feel as though you will be slow longer.
The hornet stings you!
* * * LOW HITPOINT WARNING * * *
You feel as though you will be slow longer.
You can move again.
It was a potion of attraction.
You feel attractive to monsters.
* * * LOW HITPOINT WARNING * * *
You feel extremely sick. You block the hornet's attack. x2
It was a potion of degeneration.
There was something very wrong with that liquid.
You feel weakened.
You feel dopey.
You feel clumsy.
You die...

##>## .8.>
###.#.##..⌠. .
##......#.8. ..
##..!.......
...##.........#
..............####.
...........y.......
..........)@.......
#...<......##..[
#......†...#
#..........#
#.........!#
#.........##
...........#
##.........##
##.........


You could see a hornet.

Vanquished Creatures
  Sigmund (D:4)
  A black bear (D:4)
  An ogre (D:6)
  A phantom (D:5)
  A kobold brigand (D:4)
  A scorpion (D:5)
  2 hounds
  An orc priest (D:4)
  A sleepcap (D:5)
  5 iguanas
  2 orc wizards (D:5)
  3 gnolls (D:4)
  5 adders
  6 worms
  5 dart slugs
  22 orcs
  11 endoplasms
  3 giant cockroaches
  6 goblins
  15 hobgoblins
  8 jackals
  15 kobolds
  3 quokkas
  6 ball pythons
  3 bats
  3 frilled lizards
  4 rats
135 creatures vanquished.

Notes
Turn   | Place    | Note
-------+----------+-------------------------------------------
     0 | D:1      | cheesebisquit the Troll Fighter began the quest for the
                  | Orb.
     0 | D:1      | Reached XP level 1. HP: 22/22 MP: 0/0
   191 | D:1      | Found a faded altar of an unknown god.
   249 | D:1      | Reached XP level 2. HP: 29/29 MP: 1/1
   484 | D:1      | Reached XP level 3. HP: 36/36 MP: 2/2
  1353 | D:3      | Reached skill level 3 in Unarmed Combat
  1495 | D:3      | Reached XP level 4. HP: 39/44 MP: 3/3
  1579 | D:3      | Identified the +6 falchion of Kissing Woe {heavy, rF- rN+++
                  | Dex+7}
  1912 | D:4      | Reached XP level 5. HP: 53/53 MP: 4/4
  2005 | D:4      | Reached skill level 4 in Unarmed Combat
  2181 | D:4      | Found a broken altar of Ashenzari.
  2261 | D:4      | Noticed Sigmund
  2269 | D:4      | Killed Sigmund
  2270 | D:4      | Reached XP level 6. HP: 44/61 MP: 5/5
  2553 | D:4      | Reached skill level 5 in Unarmed Combat
  2742 | D:4      | Reached XP level 7. HP: 59/68 MP: 6/6
  3550 | D:4      | Found a broken altar of Ashenzari.
  3714 | D:5      | Entered Level 5 of the Dungeon
  4145 | D:5      | Reached skill level 6 in Unarmed Combat
  4507 | D:6      | Reached XP level 8. HP: 47/78 MP: 7/7
  4534 | D:6      | Found a staircase to the Ecumenical Temple.
  4536 | D:6      | Noticed a hornet
  4542 | D:6      | Paralysed by a hornet for 2 turns
  4544 | D:6      | HP: 1/78 [poisoned by a hornet]
  4545 | D:6      | Succumbed to a hornet's poison

Illustrated notes

Levels and vault maps discovered:
D:1:      sevenhm_arrival_forest_fort_large_2, layout_loops_ring,
          hellmonk_ecumenical_altar_crossroads
D:2:      layout_basic, serial_park_tiny_1
D:3:      wad_pebble_path, layout_rooms, minmay_misc_feat_plants
D:4:      cheibrodos_thug_alley, layout_cave_pods,
          mainiacjoe_overflow_cross_hatched, chequers_decorated_corner,
          grunt_decor_junction, minmay_quantized, uniq_sigmund
D:5:      layout_basic, serial_curves, eino_curves_03, eino_curves_01
D:6:      layout_layer_cave, lemuel_doored_altar, mainiacjoe_overflow_24_doors,
          minmay_temple_entry_statues_fountains

Skill      XL: |  1  2  3  4  5  6  7 |
---------------+----------------------+-----
Shields        | 3 4 |  4.7
Unarmed Combat | 3 4 5 6 |  6.3
Fighting       | 3 4 |  4.3
Dodging        | 3 4 |  4.2

Action                     |  1- 3 |  4- 6 |  7- 9 || total
---------------------------+-------+-------+-------++-------
  Melee: Unarmed           |   149 |   108 |   160 ||   417
  Evoke: Wand              |       |       |     3 ||     3
    Use: Potion            |       |       |     3 ||     3
   Stab: Sleeping          |     2 |       |       ||     2
 Armour: Robe              |    43 |    21 |    36 ||   100
  Dodge: Dodged            |    27 |    33 |    49 ||   109
  Block: Kite shield       |    40 |    37 |    48 ||   125

Table legend: (Time is in decaauts)
 A = Elapsed time spent in this place.
 B = Non-inter-level travel time spent in this place.
 C = Inter-level travel time spent in this place.
 D = Time resting spent in this place.
 E = Time spent auto-exploring this place.
 F = Levels seen in this place.
 G = Mean time per level.
                   A        B        C        D        E       F      G
               +--------+--------+--------+--------+--------+-----+--------+
         Total |   4556 |   4340 |    216 |      0 |   3461 |   6 |  759.3 |
       Dungeon |   4556 |   4340 |    216 |      0 |   3461 |   6 |  759.3 |
               +--------+--------+--------+--------+--------+-----+--------+

Top non-repeatable levels by time:
     D:4: 1952 daAuts
     D:1: 909 daAuts
     D:5: 752 daAuts
     D:3: 441 daAuts
     D:2: 440 daAuts
     D:6: 60 daAuts
